 Dungeon Crawl Stone Soup version 0.17-a0-1678-g710b578 (webtiles) character file.

2782 Nakatomy the Arsonist (level 9, 48/48 HPs)
             Began as a Deep Elf Fire Elementalist on Aug 19, 2015.
             Was a Priest of Vehumet.
             Quit the game on level 7 of the Dungeon on Dec 6, 2015.
             The game lasted 00:51:32 (11000 turns).

Nakatomy the Arsonist (Deep Elf Fire Elementalist) Turns: 11000, Time: 00:51:32

Health: 48/48      AC:  6    Str:  5    XL:     9   Next: 43%
Magic:  22/23      EV: 13    Int: 29    God:    Vehumet [***...]
Gold:   270        SH:  0    Dex: 15    Spells: 4 memorised, 14 levels left

rFire  . . .     SeeInvis .     l - +1 dagger (flame)
rCold  . . .     Clarity  .     m - +0 robe
rNeg   . . .     SustAt   .     (no shield)
rPois  .         Gourm    .     (no helmet)
rElec  .         Spirit   .     I - +0 cloak {+Inv}
rCorr  .         Warding  .     (no gloves)
rMut   .         Stasis   +     A - +0 pair of boots
MR     .....                    g - amulet of stasis
Stlth  ++........               z - +5 ring of intelligence
                                K - +2 ring of protection

@: not resistant to hostile enchantments, unstealthy
A: no striking features
a: Renounce Religion, Evoke Invisibility


You were on level 7 of the Dungeon.
You worshipped Vehumet.
Vehumet was most pleased with you.
You were not hungry.

You visited 2 branches of the dungeon, and saw 8 of its levels.
You also visited: Sewer.

You collected 420 gold pieces.
You spent 150 gold pieces at shops.

Inventory:

Hand weapons
 a - a +0 whip
 l - a +1 dagger of flaming (weapon)
 J - a +3 quarterstaff of chaos
Armour
 m - a +0 robe (worn)
 A - a +0 pair of boots (worn)
 I - a +0 cloak of invisibility (worn)
Jewellery
 g - an amulet of stasis (around neck)
 r - an uncursed ring of stealth
 v - an uncursed ring of protection from cold
 z - a +5 ring of intelligence (right hand)
 K - a +2 ring of protection (left hand)
 O - an uncursed ring of ice {unknown}
Magical devices
 p - a wand of flame (48)
 G - a wand of magic darts (23)
 N - a wand of magic darts (34)
Scrolls
 d - a scroll of recharging
 f - a scroll of magic mapping
 j - 5 scrolls of identify
 k - 5 scrolls of remove curse
 n - 4 scrolls of teleportation {unknown}
 o - a scroll of immolation {unknown}
 q - 3 scrolls of enchant weapon {unknown}
 x - a scroll of noise {unknown}
 y - 2 scrolls of blinking {unknown}
 C - a scroll of fog {unknown}
 D - 2 scrolls of enchant armour {unknown}
 F - a scroll of fear {unknown}
 M - a scroll of amnesia {unknown}
Potions
 e - 2 potions of lignification {unknown}
 h - a potion of curing {unknown}
 i - a potion of degeneration {unknown}
 s - 2 potions of heal wounds
 t - a potion of ambrosia {unknown}
 u - 2 potions of haste {unknown}
 w - a potion of cancellation {unknown}
 H - a potion of brilliance {unknown}
Books
 b - a book of Flames

   Spells                             Type                      Level
   a - Flame Tongue                   Conjuration/Fire             1
   b - Throw Flame                    Conjuration/Fire             2
   c - Conjure Flame                  Conjuration/Fire             3
   d - Inner Flame                    Hexes/Fire                   3
   e - Sticky Flame                   Conjuration/Fire             4
   f - Fireball                       Conjuration/Fire             5
Comestibles
 c - 5 bread rations
 B - 3 meat rations
 E - 4 chunks of flesh


   Skills:
 + Level 2.2 Fighting
 - Level 2.4 Dodging
 - Level 2.4 Stealth
 + Level 8.8 Spellcasting
 + Level 6.7 Conjurations
 - Level 10.3 Fire Magic


You had 14 spell levels left.
You knew the following spells:

 Your Spells              Type           Power        Failure   Level  Hunger
a - Flame Tongue          Conj/Fire      #####        1%          1    None
b - Conjure Flame         Conj/Fire      ######..     1%          3    None
c - Sticky Flame          Conj/Fire      ######..     1%          4    None
d - Ignite Poison         Fire/Trmt/Pois ####....     1%          3    None


Dungeon Overview and Level Annotations

Branches:
Dungeon (7/15)             Temple (1/1) D:4

Altars:
Ashenzari
Cheibriados
Dithmenos
Elyvilon
Fedhas
Gozag
Kikubaaqudgha
Makhleb
Nemelex Xobeh
Okawaru
Qazlal
Ru
Sif Muna
Trog
Vehumet
Xom
Yredelemnul
Zin
The Shining One

Shops:
D:4 (   D:6 =


Message History

You climb upwards.
There is a stone staircase leading down here.
You climb downwards.
There is a stone staircase leading up here.
There is a stone staircase leading up here.
Found a stone staircase leading down.
A quokka comes into view.
Casting: Sticky Flame
Confirm with . or Enter, or press ? or * to list all spells.
Aiming: Flame Tongue
Press: ? - help, Shift-Dir - straight line, f - quokka
Aim: a quokka (resting)
The flame tongue hits the quokka.
You kill the quokka!
Vehumet accepts your kill.
Saving game... please wait.
Welcome back, Nakatomy the Deep Elf Fire Elementalist.
Vehumet says: Let it end in hellfire!
Press ? for a list of commands and other information.
Are you sure you want to abandon this character and quit the game? (Confirm with "yes".)

...##......#
...........####
...รท...#....#.#
...##........##
...##..###.#..##
.##.#<##
##.#..## ###.#.#
#.#...## ##...##
####...## .###.#
##.@.# .##.##
#...# ##.##
#...# #..# ...>#
#### .....#
......# .......#
## #........ .##


There were no monsters in sight!

Vanquished Creatures
  The ghost of Leibowitz the Ducker, an experienced KoGl of Okawaru (D:5)
  The ghost of Monkaria the Covert, an experienced FeCK of Xom (D:6)
  Edmund (D:5)
  An ice beast (D:6)
  A black bear (D:6)
  An ogre (D:4)
  3 sky beasts
  2 phantoms
  A centaur (D:6)
  4 giant frogs
  3 scorpions
  A vampire bat (D:5)
  A quasit (D:7)
  Crazy Yiuf (D:5)
  A hound (D:4)
  3 orc priests
  A giant frog skeleton (D:6)
  6 orc wizards
  3 worker ants
  A killer bee zombie (D:6)
  A worker ant zombie (D:5)
  3 gnolls (D:2)
  12 adders
  12 oozes (Sewer)
  2 worms
  An adder skeleton (D:4)
  16 giant geckos
  22 orcs
  2 spectral bats (D:5)
  3 bat skeletons (D:5)
  A bat zombie (D:5)
  3 fire bats (D:5)
  12 goblins
  6 hobgoblins
  4 quokkas
  12 ball pythons
  13 bats
  A bat simulacrum (D:5)
  13 giant cockroaches
  A giant cockroach zombie (D:3)
  9 giant newts
  13 kobolds
  6 rats
205 creatures vanquished.

Notes
Turn   | Place    | Note
--------------------------------------------------------------
     0 | D:1      | Nakatomy the Deep Elf Fire Elementalist began the quest for the Orb.
     0 | D:1      | Reached XP level 1. HP: 10/10 MP: 6/6
   176 | D:1      | Reached skill level 4 in Fire Magic
   176 | D:1      | Reached XP level 2. HP: 15/15 MP: 6/8
   693 | D:2      | Reached XP level 3. HP: 19/19 MP: 7/9
   730 | D:2      | Learned a level 3 spell: Conjure Flame
  1036 | D:2      | Reached skill level 5 in Fire Magic
  1177 | D:2      | Reached XP level 4. HP: 24/24 MP: 0/10
  2025 | D:3      | Found a white marble altar of Elyvilon.
  2051 | D:3      | Found a basalt altar of Yredelemnul.
  2351 | D:3      | Reached skill level 6 in Fire Magic
  2845 | D:3      | Reached XP level 5. HP: 23/28 MP: 5/11
  3540 | D:3      | Reached skill level 7 in Fire Magic
  4184 | D:4      | Reached XP level 6. HP: 32/32 MP: 9/12
  4355 | D:4      | Found a staircase to the Ecumenical Temple.
  4396 | Temple   | Entered the Ecumenical Temple
  4540 | Temple   | Became a worshipper of Vehumet
  4974 | D:4      | Found Gut Fece's Weapon Shop.
  4974 | D:4      | Noticed an ogre
  4983 | D:4      | Killed an ogre
  4983 | D:4      | Reached skill level 8 in Fire Magic
  5141 | D:4      | Learned a level 4 spell: Sticky Flame
  5660 | D:5      | Entered Level 5 of the Dungeon
  5666 | D:5      | Reached XP level 7. HP: 36/36 MP: 8/13
  5737 | D:5      | Reached skill level 9 in Fire Magic
  6262 | D:5      | Noticed Leibowitz's ghost (experienced KoGl)
  6403 | D:5      | Noticed Edmund
  6423 | D:5      | Killed Edmund
  6423 | D:5      | Reached skill level 10 in Fire Magic
  6662 | D:5      | Acquired Vehumet's first power
  6662 | D:5      | Offered knowledge of Freeze by Vehumet.
  6891 | D:5      | Reached XP level 8. HP: 41/41 MP: 3/15
  7283 | D:5      | Killed Leibowitz's ghost
  7283 | D:5      | Reached skill level 5 in Spellcasting
  7823 | D:5      | Noticed Crazy Yiuf
  7833 | D:5      | Killed Crazy Yiuf
  7937 | D:6      | Found Jynon's Jewellery Shoppe.
  7945 | D:6      | Bought a +2 ring of protection for 150 gold pieces
  7969 | D:6      | Found a glowing drain.
  8023 | Sewer    | Entered a sewer
  8047 | Sewer    | Offered knowledge of Sandblast by Vehumet.
  8448 | Sewer    | Reached skill level 5 in Conjurations
  9131 | Sewer    | Offered knowledge of Ignite Poison by Vehumet.
  9176 | Sewer    | Learned a level 3 spell: Ignite Poison
  9261 | Sewer    | Acquired Vehumet's second power
  9706 | D:6      | Noticed Monkaria's ghost (experienced FeCK)
  9814 | D:6      | Reached XP level 9. HP: 24/45 MP: 16/22
 10241 | D:6      | Killed Monkaria's ghost
 10241 | D:6      | Reached skill level 1 in Fighting
 10904 | D:7      | Offered knowledge of Throw Icicle by Vehumet.
 11000 | D:7      | Quit the game

Vault maps used:
D:1:      saegor_arrival_simple_b
D:3:      nicolae_overflow_crystal_walls, first_bread, yredelemnul_altar_generic
D:4:      minmay_temple_entry_glassed_door, serial_shops, shop_coins
D:5:      goddamned_bats, uniq_crazy_yiuf_cottage, uniq_edmund
D:6:      serial_shops, shop, gup_sewer_entry_glass
D:7:      the_bakery
Temple:   kilobyte_greek_temple_18
Sewer:    sewer_frog_island_02

Action                   |  1- 3 |  4- 6 |  7- 9 || total
-------------------------+-------+-------+-------++-------
Melee: Whip              |       |       |    50 ||    50
       Dagger            |       |       |     2 ||     2
 Cast: Flame Tongue      |    47 |   132 |   198 ||   377
       Conjure Flame     |     4 |    16 |     2 ||    22
       Sticky Flame      |       |     1 |    28 ||    29
       Ignite Poison     |       |       |     1 ||     1
  Use: Scroll            |       |       |     5 ||     5
       Potion            |       |       |     1 ||     1
  Eat: Chunk             |       |    10 |    14 ||    24
       Pizza             |       |     1 |       ||     1
       Bread ration      |       |     1 |       ||     1
       Fruit             |       |       |     3 ||     3
       Beef jerky        |       |       |     1 ||     1
